 Dungeon Crawl Stone Soup version 0.32-a0-519-g08f29ac1c3 (webtiles) character file.

Game seed: 343686936362818600

118 seren the Charlatan (level 5, -5/38 HPs)
             Began as a Coglin Artificer on Feb 28, 2024.
             Killed by nerve-wracking pain
             ... invoked by Grinder
              (7 damage)
             ... on level 3 of the Dungeon.
             The game lasted 00:03:01 (1725 turns).

seren the Charlatan (Coglin Artificer)              Turns: 1725, Time: 00:03:02

Health: -5/38      AC:  6    Str: 12    XL:     5   Next: 2%
Magic:  5/5        EV: 11    Int: 10    God:
Gold:   114        SH:  0    Dex: 17    Spells: 4/4 levels left

rFire   . . .        m - +0 dagger {Eshargamelat}
rCold   . . .        h - +0 dagger {Kazuki}
rNeg    . . .        k - +0 ring mail
rPois   .            (no helmet)
rElec   .            (no cloak)
rCorr   .            f - +0 pair of gloves
SInv    .            (no boots)
Will    .....        (no amulet)
Stlth   +            (ring unavailable)
HPRegen 0.26/turn    (ring unavailable)
MPRegen 0.09/turn

%: no passive effects
@: no status effects
A: off-hand wielding, slow wielding, warmup strikes, no rings
a: no special abilities


You were on level 3 of the Dungeon.
You visited 1 branch of the dungeon, and saw 3 of its levels.

You collected 114 gold pieces.

Inventory:

Hand Weapons
 a - a +0 club {Cedro}
 h - a +0 dagger (offhand) {Kazuki}
 m - a +0 dagger (weapon) {Eshargamelat}
Armour
 b - a +0 leather armour
 f - a +0 pair of gloves (worn)
 k - a +0 ring mail (worn)
 r - a +0 scale mail
Wands
 d - a wand of charming (11)
 e - a wand of iceblast (4)
Scrolls
 j - a scroll of blinking {unknown}
 l - 3 scrolls of identify {unknown}
 n - a scroll of torment {unknown}
 o - 2 scrolls of teleportation {unknown}
 q - 2 scrolls of enchant weapon {unknown}
Potions
 g - a potion of lignification {unknown}
 i - a potion of magic {unknown}
 p - a potion of ambrosia {unknown}


   Skills:
 + Level 2.0 Fighting
 * Level 1.4 Short Blades
 + Level 2.3 Armour
 + Level 1.8 Dodging
 + Level 1.7 Stealth
 + Level 4.6 Evocations


You had 4 spell levels left.
You didn't know any spells.
Your spell library contained the following spells:

 Spells                   Type           Power      Damage    Failure   Level
 Static Discharge         Conj/Air       0%         3-3/arc   77%         2
 Airstrike                Air            0%         2d(0-16)  100%        4
 Summon Lightning Spire   Summ/Air       0%         N/A       100%        4


Dungeon Overview and Level Annotations

Branches:
Dungeon (3/15)

Altars:

Annotations:
D:3 Grinder


Innate Abilities, Weirdness & Mutations

You can wield a second weapon in your off-hand.
It takes a long time for you to wield or remove held weapons.
Your first few attacks do less damage.
Your grasper-arms cannot wear rings.


Message History

Grinder hits you but does no damage.
Aiming: Throw Flame
Press: ? - help, Shift-Dir - straight line, f/p - Grinder
Aim: Grinder (severely wounded, 71% to hit)
The puff of flame misses Grinder.
Grinder says, "There's only one good use for a tongue: cutting it out."
Grinder gestures at you.
You barely resist.
Aiming: Throw Flame
Press: ? - help, Shift-Dir - straight line, f/p - Grinder
Aim: Grinder (severely wounded, 71% to hit)
The puff of flame misses Grinder.
The now-empty wand crumbles to dust.
Grinder hits you.
* * * LOW HITPOINT WARNING * * *
No previous command to re-do.
No previous command to re-do.
No previous command to re-do.
Aiming: Charm
Press: ? - help, Shift-Dir - straight line, f/p - Grinder
Aim: Grinder (severely wounded, chance to affect: 61%) Grinder resists with significant effort.
Grinder hits you but does no damage.
Aiming: Charm
Press: ? - help, Shift-Dir - straight line, f/p - Grinder
Aim: Grinder (severely wounded, chance to affect: 61%) Grinder resists with significant effort.
Grinder blinks!
Aiming: Charm
Press: ? - help, Shift-Dir - straight line, f/p - Grinder
Aim: Grinder (severely wounded, chance to affect: 61%) Grinder resists with significant effort.
Grinder closely misses you.
Aiming: Charm
Press: ? - help, Shift-Dir - straight line, f/p - Grinder
Aim: Grinder (severely wounded, chance to affect: 61%) Grinder resists with significant effort.
Grinder gestures at you. Pain shoots through your body!
You die...
Grinder says, "Hey, I wasn't done torturing you yet!"

.....# ###.##.# #...##.#
#...'..# #...#..# ###
#...##.# #<#
##...##.####.###.###
....###<.......5...#
....+...####.###@#
....##.......# #.#
....##.......###.#####..
.#####..................
.# #......####.#####J#
.######+########.#####.##.
†#...................5.$..
.#..............######....
.#.....†.)......+ .


You could see Grinder.

Vanquished Creatures
  Terence (D:3)
  Natasha (twice) (D:2)
  An adder (D:2)
  2 dart slugs (D:1)
  2 ball pythons
  4 endoplasms
  3 giant cockroaches
  2 goblins (D:2)
  3 hobgoblins
  2 jackals (D:1)
  A quokka (D:2)
  A bat (D:2)
  2 frilled lizards (D:2)
  A kobold (D:2)
  6 rats
33 creatures vanquished.

Notes
Turn   | Place    | Note
-------+----------+-------------------------------------------
     0 | D:1      | seren the Coglin Artificer began the quest for the Orb.
     0 | D:1      | Reached XP level 1. HP: 15/15 MP: 1/1
   168 | D:1      | Reached skill level 1 in Dodging
   230 | D:1      | Reached skill level 1 in Stealth
   235 | D:1      | Reached XP level 2. HP: 17/21 MP: 2/2
   937 | D:2      | Reached XP level 3. HP: 17/26 MP: 3/3
  1003 | D:2      | Noticed Natasha
  1020 | D:2      | Killed Natasha
  1021 | D:2      | Reached XP level 4. HP: 22/33 MP: 4/4
  1243 | D:2      | Reached skill level 1 in Short Blades
  1400 | D:2      | Noticed Natasha
  1411 | D:2      | Killed Natasha
  1465 | D:2      | Found a faded altar of an unknown god.
  1679 | D:3      | Noticed Terence
  1684 | D:3      | Killed Terence
  1685 | D:3      | Reached XP level 5. HP: 38/38 MP: 5/5
  1695 | D:3      | Noticed Grinder
  1703 | D:3      | Paralysed by Grinder for 3 turns
  1714 | D:3      | Paralysed by Grinder for 4 turns
  1721 | D:3      | HP: 1/38 [Grinder (4)]
  1725 | D:3      | Killed from afar by Grinder

Illustrated notes

Levels and vault maps discovered:
D:1:      beargit_arrival_diablo_church, layout_basic, serial_glass,
          glass_columns_a, glass_columns_c, glass_columns_a, glass_columns_b,
          glass_columns_a, glass_columns_a, glass_columns_a, glass_columns_c
D:2:      layout_loops_ring, hellmonk_ecumenical_altar_leap_of_faith,
          uniq_natasha
D:3:      layout_basic, chequers_decorated_corner, minmay_fractal_squares_5,
          uniq_terence, uniq_grinder

Skill      XL: |  1  2  3  4 |
---------------+-------------+-----
Dodging        | 1 |  1.8
Stealth        | 1 |  1.7
Armour         | 2 |  2.3
Short Blades   | 1 |  1.4
Fighting       | 2 |  2.0
Evocations     | |  4.6

Action                     |  1- 3 |  4- 6 || total
---------------------------+-------+-------++-------
  Melee: Club              |    53 |       ||    53
         Dagger            |    50 |    80 ||   130
  Evoke: Wand              |     4 |    16 ||    20
 Armour: Leather armour    |    23 |       ||    23
         Ring mail         |    19 |    27 ||    46
  Dodge: Dodged            |    51 |    26 ||    77

Table legend: (Time is in decaauts)
 A = Elapsed time spent in this place.
 B = Non-inter-level travel time spent in this place.
 C = Inter-level travel time spent in this place.
 D = Time resting spent in this place.
 E = Time spent auto-exploring this place.
 F = Levels seen in this place.
 G = Mean time per level.
                   A        B        C        D        E       F      G
               +--------+--------+--------+--------+--------+-----+--------+
         Total |   1744 |   1708 |     36 |    115 |   1216 |   3 |  581.3 |
       Dungeon |   1744 |   1708 |     36 |    115 |   1216 |   3 |  581.3 |
               +--------+--------+--------+--------+--------+-----+--------+

Top non-repeatable levels by time:
     D:2: 902 daAuts
     D:1: 753 daAuts
     D:3: 88 daAuts
